 Dungeon Crawl Stone Soup version 0.30-a0-743-gbfdf073431 (webtiles) character file.

Game seed: 5617404583787501906

175 Darius099 the Conjurer (level 5, -1/35 HPs)
             Began as a Human Conjurer on Feb 7, 2023.
             Slain by an orc wizard
             ... wielding a +0 dagger
              (2 damage)
             ... on level 3 of the Dungeon.
             The game lasted 00:09:00 (2295 turns).

Darius099 the Conjurer (Human Conjurer)             Turns: 2295, Time: 00:09:01

Health: -1/35      AC:  4    Str:  7    XL:     5   Next: 85%
Magic:  7/9        EV: 12    Int: 27    God:
Gold:   116        SH:  0    Dex: 11    Spells: 6/10 levels left

rFire   . . .      SeeInvis .    f - staff of cold
rCold   + . .      Faith    .    (no shield)
rNeg    . . .      Spirit   .    a - +0 robe
rPois   +          Reflect  .    l - +0 helmet
rElec   .          Harm     .    n - +0 cloak
rCorr   .          Rampage  .    (no gloves)
Will    .....                    (no boots)
Stlth   ++                       (no amulet)
HPRegen 0.25/turn                d - ring of poison resistance
MPRegen 0.11/turn                h - +6 ring of intelligence

@: invisible
A: no striking features
a: no special abilities


You were on level 3 of the Dungeon.
You visited 1 branch of the dungeon, and saw 3 of its levels.

You collected 116 gold pieces.

Inventory:

Missiles
 c - 24 stones
Armour
 a - a +0 robe (worn)
 k - a scarf of invisibility
 l - a +0 helmet (worn)
 n - a +0 cloak (worn)
Magical Staves
 f - a staff of cold (weapon)
Jewellery
 d - a ring of poison resistance (left hand)
 h - a +6 ring of intelligence (right hand)
Scrolls
 g - a scroll of amnesia {unknown}
 i - a scroll of identify {unknown}
 o - a scroll of brand weapon {unknown}
Potions
 b - a potion of magic
 e - a potion of flight {unknown}
 m - a potion of brilliance {unknown}
 p - a potion of berserk rage {unknown}


   Skills:
 - Level 2.4 Dodging
 - Level 2.5 Stealth
 + Level 3.2 Spellcasting
 + Level 4.9 Conjurations
 + Level 2.1 Ice Magic


You had 6 spell levels left.
You knew the following spells:

 Your Spells              Type           Power      Damage    Failure   Level
a - Magic Dart            Conj           100%       1d8       1%          1
b - Searing Ray           Conj           62%        2d6       1%          2
c - Freeze                Ice            92%        1d9       3%          1

Your spell library contained the following spells:

 Spells                   Type           Power      Damage    Failure   Level
 Dazzling Flash           Conj/Hex       34%        N/A       10%         3
 Frozen Ramparts          Ice            46%        1d7       11%         3
 Fulminant Prism          Conj/Hex       8%         3d6       30%         4
 Iskenderun's Mystic Bla  Conj/Tloc      17%        2d5       30%         4
 Ice Form                 Ice/Tmut       15%        N/A       50%         4
 Summon Ice Beast         Ice/Summ       15%        N/A       50%         4


Dungeon Overview and Level Annotations

Branches:
Dungeon (3/15)

Altars:

Shops:
D:1 :   D:3 [


Message History

Sorry, you're not good enough to have a special ability.
Unknown command.
Unknown command.
The orc wizard points at you and mumbles some strange words.
The puff of flame hits you!
The orc wizard casts a spell.
The orc wizard flickers and vanishes!
Deactivating autopickup; reactivate with Ctrl-A.
Something hits you.
You feel less confused.
You hear some strange, mumbled words.
Something tries to affect you, but you resist.
You closely miss something. Something hits you but does no damage.
You miss something.
You hear some strange, mumbled words.
You are confused.
You're too confused to cast spells.
You hear some strange, mumbled words.
A magic dart appears from out of thin air!
The magic dart hits you!
* * * LOW HITPOINT WARNING * * *
You miss something. Something hits you but does no damage.
You barely miss something. Something hits you but does no damage.
You're too confused to move!
Something hits you.
* * * LOW HITPOINT WARNING * * *
You miss something.
You feel less confused. Something hits you but does no damage.
Something hits you.
* * * LOW HITPOINT WARNING * * *
You miss something. Something hits you but does no damage.
You closely miss something.
You hear some strange, mumbled words.
A puff of flame appears from out of thin air!
The puff of flame hits you!
* * * LOW HITPOINT WARNING * * *
You miss something. Something hits you but does no damage.
It was a potion of invisibility.
You fade into invisibility!
Something hits you.
You die...

###. .. . .#. .### . .∩ ...
..# ##. ##.###.####.# ###†.
...##.#..#.###....
##.##.#..#.....##.
#...#.#..#........ ########
#........#.o......
#......#+#@{...##..........
##.###....).<.......###....
#.# #.....†#.......# #....
#.# #..............# #....
#.# #.....#.####.#####....
#.# #.....#>..............
#.###.....######.##.######
#..<#.....# #.##.#
#####.....# #.##.#


There were no monsters in sight!

Vanquished Creatures
  Natasha (thrice) (D:2)
  An adder (D:3)
  2 dart slugs
  2 ball pythons (D:1)
  4 bats
  8 endoplasms
  14 goblins
  10 hobgoblins
  5 jackals (D:2)
  3 kobolds (D:1)
  A quokka (D:2)
  5 frilled lizards
  4 rats
62 creatures vanquished.

Vanquished Creatures (others)
  An orc wizard (D:3)
  A plant (D:2)
2 creatures vanquished.

Grand Total: 64 creatures vanquished

Notes
Turn   | Place    | Note
-------+----------+-------------------------------------------
     0 | D:1      | Darius099 the Human Conjurer began the quest for the Orb.
     0 | D:1      | Reached XP level 1. HP: 13/13 MP: 3/3
    80 | D:1      | Found Lanycifa's Book Boutique.
   135 | D:1      | Reached XP level 2. HP: 19/19 MP: 0/5
   598 | D:1      | Reached XP level 3. HP: 24/24 MP: 4/6
   643 | D:1      | Learned a level 2 spell: Searing Ray
  1152 | D:2      | Found a faded altar of an unknown god.
  1159 | D:2      | Got Plato's Spellbook of Frostbite
  1162 | D:2      | Learned a level 1 spell: Freeze
  1581 | D:2      | Noticed Natasha
  1587 | D:2      | Killed Natasha
  1588 | D:2      | Reached skill level 1 in Ice Magic
  1588 | D:2      | Reached XP level 4. HP: 7/30 MP: 0/8
  1661 | D:2      | Noticed Natasha
  1665 | D:2      | Killed Natasha
  1669 | D:2      | Reached XP level 5. HP: 35/35 MP: 1/9
  1984 | D:2      | Noticed Natasha
  1991 | D:2      | Killed Natasha
  2214 | D:3      | Found Behivuy's Antique Armour Boutique.
  2293 | D:3      | HP: 1/35 [something/puff of flame (8)]
  2295 | D:3      | Slain by an orc wizard

Illustrated notes

Levels and vault maps discovered:
D:1:      minmay_arrival_solitary_statue, layout_basic, serial_shops, shop
D:2:      layout_loops_ring, shapermc_ecumenical_altar_rom_forum,
          minmay_goblin_outpost, uniq_natasha
D:3:      layout_basic, nicolae_overflow_ecumenical_swirl, serial_shops,
          nicolae_shop_crystal, minmay_misc_feat_secret_circle

Skill      XL: |  1  2  3  4  5 |
---------------+----------------+-----
Ice Magic      | 1 2 |  2.1
Spellcasting   | 3 |  3.2
Dodging        | |  2.4
Stealth        | |  2.5
Conjurations   | |  4.9

Action                     |  1- 3 |  4- 6 || total
---------------------------+-------+-------++-------
  Melee: Dagger            |     1 |       ||     1
         Staff             |     9 |    52 ||    61
   Cast: Magic Dart        |    65 |    28 ||    93
         Searing Ray       |     4 |     4 ||     8
    Use: Potion            |       |     1 ||     1
 Armour: Robe              |     5 |    16 ||    21
  Dodge: Dodged            |    13 |    41 ||    54

Table legend: (Time is in decaauts)
 A = Elapsed time spent in this place.
 B = Non-inter-level travel time spent in this place.
 C = Inter-level travel time spent in this place.
 D = Time resting spent in this place.
 E = Time spent auto-exploring this place.
 F = Levels seen in this place.
 G = Mean time per level.
                   A        B        C        D        E       F      G
               +--------+--------+--------+--------+--------+-----+--------+
         Total |   2323 |   2317 |      6 |    500 |   1221 |   3 |  774.3 |
       Dungeon |   2323 |   2317 |      6 |    500 |   1221 |   3 |  774.3 |
               +--------+--------+--------+--------+--------+-----+--------+

Top non-repeatable levels by time:
     D:2: 1313 daAuts
     D:1: 871 daAuts
     D:3: 138 daAuts
